 Dungeon Crawl Stone Soup version 0.26.0-11-g8f856b5395 (webtiles) character file.

Game seed: 8590498508685639544

114 jiml777 the Skirmisher (level 4, 0/37 HPs)
             Began as a Demonspawn Abyssal Knight on Jan 15, 2021.
             Was a Believer of Lugonu.
             Slain by an orc wizard
             ... wielding a +2 dagger of venom
              (1 damage)
             ... on level 3 of the Dungeon.
             The game lasted 00:09:05 (2781 turns).

jiml777 the Skirmisher (Demonspawn Abyssal Knight)  Turns: 2781, Time: 00:09:06

Health: 0/37       AC:  5    Str: 13 (14) XL:     4   Next: 67%
Magic:  0/15       EV: 11    Int: 10 (13) God:    Lugonu [**....]
Gold:   129        SH:  0    Dex:  9 (12) Spells: 3/3 levels left

rFire    . . .     SeeInvis .   a - +1 hand axe
rCold    + . .     Faith    .   (no shield)
rNeg     + . .     Spirit   +   b - +0 leather armour
rPois    .         Reflect  .   (no helmet)
rElec    .         Harm     .   (no cloak)
rCorr    .         Rampage  .   r - +1 pair of gloves
Will     .....                  (no boots)
Stlth    +.........             (no amulet)
HPRegen  0.12/turn              q - ring of magical power
MPRegen  0.14/turn              n - ring of positive energy

@: brilliant, lethally poisoned (0 -> -11)
A: hooves 1, cold resistance 1, magic shield
a: Renounce Religion, Depart the Abyss, Bend Space


You were on level 3 of the Dungeon.
You worshipped Lugonu.
Lugonu was pleased with you.
You visited 1 branch of the dungeon, and saw 4 of its levels.
You visited the Abyss 1 time.

You collected 129 gold pieces.

Inventory:

Hand Weapons
 a - a +1 hand axe (weapon)
Missiles
 c - 29 arrows
 e - 49 bolts
 f - 87 stones
 h - 21 poisoned darts
 i - a throwing net
 o - 22 sling bullets
Armour
 b - a +0 leather armour (worn)
 r - a +1 pair of gloves (worn)
Jewellery
 g - an uncursed ring of flight
 n - a ring of positive energy (right hand)
 q - a ring of magical power (left hand)
Scrolls
 l - 2 scrolls of fog {unknown}
 p - 2 scrolls of identify
 s - a scroll of enchant weapon {unknown}
 u - a scroll of amnesia {unknown}
 v - a scroll of remove curse
Potions
 j - a potion of berserk rage
 m - a potion of might {unknown}
 t - a potion of brilliance


   Skills:
 + Level 4.1 Fighting
 + Level 2.9 Axes
 + Level 2.3 Armour
 + Level 1.1 Dodging
 + Level 0.6 Stealth
 + Level 2.8 Invocations


You had 3 spell levels left.
You didn't know any spells.
Your spell library was empty.

Dungeon Overview and Level Annotations

Branches:
Dungeon (4/15)
 Temple: D:4-7

Altars:
Qazlal


Innate Abilities, Weirdness & Mutations

You have large cloven feet.
Your flesh is cold resistant. (rC+)
When hurt, damage is shared between your health and your magic reserves.


Message History

A puff of flame appears from out of thin air!
The puff of flame misses you.
It was a potion of brilliance.
You feel clever all of a sudden.
* * * LOW HITPOINT WARNING * * *
You feel sick.
The orc wizard hits you with a cursed -1 dagger.
* * * LOW HITPOINT WARNING * * *
You hear some strange, mumbled words.
A puff of flame appears from out of thin air!
The puff of flame misses you. The orc wizard casts a spell at you.
The puff of frost hits you. You resist.
* * * LOW HITPOINT WARNING * * *
It was a potion of degeneration.
There was something very wrong with that liquid.
You feel weakened.
You feel dopey.
You feel clumsy.
* * * LOW HITPOINT WARNING * * *
You feel sick. The orc wizard barely misses you. Something hits you.
You die...

##################
................@##
#.#######......{o.#
#+## ###.........#
...# #.'.........#
...# #.#.........#
...# #.#.........#
...# #.#.........#
...# #.+)........#
...######...^.....#


You could see an orc wizard (fast).

Vanquished Creatures
  Terence (D:2)
  4 adders (D:3)
  3 worms
  A leopard gecko (D:2)
  An orc (D:4)
  2 giant cockroaches
  3 goblins
  3 hobgoblins
  7 jackals (D:2)
  A quokka (D:2)
  7 bats
  2 frilled lizards
  2 kobolds
  7 rats
44 creatures vanquished.

Notes
Turn   | Place    | Note
-------+----------+-------------------------------------------
     0 | Abyss:1  | jiml777 the Demonspawn Abyssal Knight began the quest for
                  | the Orb.
     0 | Abyss:1  | Reached XP level 1. HP: 18/18 MP: 2/2
    21 | D:1      | Escaped the Abyss
   572 | D:1      | Gained mutation: When hurt, damage is shared between your
                  | health and your magic reserves. [demonic ancestry]
   572 | D:1      | Reached XP level 2. HP: 22/24 MP: 3/3
  1110 | D:2      | Reached ** piety under Lugonu
  1115 | D:2      | Gained mutation: You have large cloven feet. [demonic
                  | ancestry]
  1115 | D:2      | Reached XP level 3. HP: 25/30 MP: 3/5
  1427 | D:2      | Noticed Terence
  1449 | D:2      | Killed Terence
  1450 | D:2      | Reached skill level 4 in Fighting
  1450 | D:2      | Reached skill level 1 in Dodging
  1909 | D:3      | Found a stormy altar of Qazlal.
  2011 | D:3      | Gained mutation: Your flesh is cold resistant. (rC+)
                  | [demonic ancestry]
  2011 | D:3      | Reached XP level 4. HP: 37/37 MP: 6/6
  2781 | D:3      | HP: 1/37 [poisoned by an orc wizard]
  2781 | D:3      | Slain by an orc wizard

Illustrated notes

Levels and vault maps discovered:
D:1:      amcnicky_arrival_blooded_trapdoor, layout_loops_ring
D:2:      layout_basic, uniq_terence
D:3:      layout_basic, grunt_qazlal_sundering
D:4:      layout_layer_cave, serial_shops, shop, uniq_edmund, uniq_pikel

Skill      XL: |  1  2  3 |
---------------+----------+-----
Armour         | 2 |  2.3
Fighting       | 4 |  4.1
Axes           | 2 |  2.9
Dodging        | 1 |  1.1
Stealth        | |  0.6
Invocations    | |  2.8

Action                   |  1- 3 |  4- 6 || total
-------------------------+-------+-------++-------
Melee: Hand axe          |   116 |    55 ||   171
       Kick              |    14 |     6 ||    20
  Use: Scroll            |     4 |       ||     4
       Potion            |     1 |     3 ||     4
Armor: Leather armour    |    28 |    21 ||    49
Dodge: Dodged            |    57 |    35 ||    92
